 Dungeon Crawl Stone Soup version 0.27-a0-1590-g15f69828bf (webtiles) character file.

Game seed: 8869239562511402351

196 Demosthentine the Poker (level 5, -3/41 HPs)
             Began as a Merfolk Gladiator on July 19, 2021.
             Killed by divine providence
             ... invoked by an orc priest
              (13 damage)
             ... on level 5 of the Dungeon.
             The game lasted 00:01:36 (2305 turns).

Demosthentine the Poker (Merfolk Gladiator)         Turns: 2305, Time: 00:01:37

Health: -3/41      AC:  4    Str: 15    XL:     5   Next: 74%
Magic:  5/5        EV: 14    Int:  7    God:
Gold:   41         SH:  0    Dex: 16    Spells: 4/4 levels left

rFire    . . .     SeeInvis .   a - +0 trident
rCold    . . .     Faith    .   (no shield)
rNeg     . . .     Spirit   .   b - +0 leather armour
rPois    .         Reflect  .   c - +0 helmet
rElec    .         Harm     .   (no cloak)
rCorr    .         Rampage  .   (no gloves)
Will     .....                  (no boots)
Stlth    +.........             (no amulet)
HPRegen  0.13/turn              (no ring)
MPRegen  0.09/turn              (no ring)

@: flying
A: (nimble swimmer 2), mertail
a: no special abilities


You were on level 5 of the Dungeon.
You visited 1 branch of the dungeon, and saw 4 of its levels.

You collected 41 gold pieces.

Inventory:

Hand Weapons
 a - a +0 trident (weapon)
Missiles
 d - 3 throwing nets (quivered)
Armour
 b - a +0 leather armour (worn)
 c - a +0 helmet (worn)
Wands
 h - a wand of polymorph (4)
Scrolls
 f - 3 scrolls of magic mapping
Potions
 i - a potion of resistance
 j - a potion of lignification


   Skills:
 + Level 3.6 Fighting
 + Level 5.9 Polearms
 - Level 2.0 Throwing
 + Level 1.7 Armour
 + Level 5.3 Dodging


You had 4 spell levels left.
You didn't know any spells.
Your spell library was empty.

Dungeon Overview and Level Annotations

Branches:
Dungeon (3/15)

Altars:


Innate Abilities, Weirdness & Mutations

((You are quick and stealthy near water. (Stealth+, EV+, Speed+++)))
Your lower body shifts to a powerful aquatic tail in water.


Message History

Unknown command.
Reach: a) +0 trident
Press: ? - help, Dir - move target, f - orc priest
Aim: an orc priest, wielding a +0 dagger (about 38% to evade your +0 trident)
The shadow imp is in the way.
You completely miss the shadow imp.
The shadow imp is almost dead.
The shadow imp hits you but does no damage.
Unknown command.
Reach: a) +0 trident
Press: ? - help, Dir - move target, f - shadow imp
Aim: a shadow imp (almost dead, about 42% to evade your +0 trident)
You barely miss the shadow imp.
The shadow imp is almost dead.
The shadow imp barely misses you. The orc hits you but does no damage.
Unknown command.
Unknown command.
Unknown command.
You barely miss the shadow imp.
The shadow imp is almost dead.
The shadow imp shouts, "Scamper hence, thou feeble moldwarp serf!"
The shadow imp hits you.
* * * LOW HITPOINT WARNING * * *
The orc hits you from afar with a +0 trident.
* * * LOW HITPOINT WARNING * * *
It was a potion of flight.
You feel very buoyant.
You fly up into the air.
The shadow imp misses you.
The orc hits you from afar with a +0 trident.
* * * LOW HITPOINT WARNING * * *
Unknown command.
You feel better. The shadow imp barely misses you. The orc barely misses you.
Okay, then.
Reach: a) +0 trident
Press: ? - help, Dir - move target, f - orc, p - shadow imp
Aim: an orc, wielding a +0 trident and quivering boomerangs (about 38% to evade your +0 trident)
You reach to attack!
You closely miss the orc. The shadow imp hits you.
* * * LOW HITPOINT WARNING * * *
The orc priest calls down the wrath of Beogh upon you.
Beogh smites you!
You die...

$. ..# ##..
...
.^#########..#
.......@5{o..#
#########o...#
[......(####
#......o#
#$.....o#
#.....#.#
#.....#.#
#.....#.o
#.....###


You could see an orc priest, a shadow imp and an orc.

Vanquished Creatures
  A phantom (D:2)
  Robin (D:2)
  5 adders
  A worm (D:2)
  An orc (D:5)
  5 bats
  2 endoplasms (D:2)
  A giant cockroach (D:2)
  17 goblins
  9 hobgoblins
  2 kobolds (D:2)
  4 quokkas
  4 ball pythons
  3 frilled lizards (D:1)
  2 rats
58 creatures vanquished.

Notes
Turn   | Place    | Note
-------+----------+-------------------------------------------
     0 | D:1      | Demosthentine the Merfolk Gladiator began the quest for the
                  | Orb.
     0 | D:1      | Reached XP level 1. HP: 16/16 MP: 1/1
   131 | D:1      | Found a faded altar of an unknown god.
   157 | D:1      | Reached XP level 2. HP: 23/23 MP: 2/2
   853 | D:2      | Reached XP level 3. HP: 20/28 MP: 3/3
  1022 | D:2      | Reached skill level 5 in Polearms
  1022 | D:2      | Reached skill level 1 in Armour
  1074 | D:2      | Noticed Robin
  1083 | D:2      | Reached XP level 4. HP: 21/34 MP: 4/4
  1311 | D:2      | Killed Robin
  1342 | D:2      | Noticed a phantom
  1359 | D:2      | Killed a phantom
  1360 | D:2      | Reached skill level 5 in Dodging
  1360 | D:2      | Reached XP level 5. HP: 12/41 MP: 5/5
  2267 | D:3      | You fall into a shaft and drop 2 floors!
  2267 | D:5      | Entered Level 5 of the Dungeon
  2305 | D:5      | Killed from afar by an orc priest

Illustrated notes

Levels and vault maps discovered:
D:1:      matt_arrival_diagonals, layout_basic, basic_ecumenical_altar,
          hangedman_decor_riveting, minmay_pentomino_o4
D:2:      layout_basic, minmay_bisected, uniq_robin
D:3:      layout_rooms
D:5:      layout_basic, evilmike_ruin_ashenzari

Skill      XL: |  1  2  3  4 |
---------------+-------------+-----
Polearms       | 5 |  5.9
Armour         | 1 |  1.7
Fighting       | 3 |  3.6
Dodging        | 5 |  5.3
Throwing       | |  2.0

Action                   |  1- 3 |  4- 6 || total
-------------------------+-------+-------++-------
Melee: Trident           |    94 |    98 ||   192
       Unarmed           |       |    10 ||    10
  Use: Scroll            |     4 |     2 ||     6
       Potion            |       |     3 ||     3
 Stab: Distracted        |     1 |     1 ||     2
       Sleeping          |       |     1 ||     1
Armor: Leather armour    |    20 |    25 ||    45
       Skin              |       |     4 ||     4
Dodge: Dodged            |    41 |    51 ||    92

Table legend: (Time is in decaauts)
 A = Elapsed time spent in this place.
 B = Non-inter-level travel time spent in this place.
 C = Inter-level travel time spent in this place.
 D = Time resting spent in this place.
 E = Time spent auto-exploring this place.
 F = Levels seen in this place.
 G = Mean time per level.
                   A        B        C        D        E       F      G
               +--------+--------+--------+--------+--------+-----+--------+
         Total |   2311 |   2288 |     23 |    197 |   1736 |   4 |  577.8 |
       Dungeon |   2311 |   2288 |     23 |    197 |   1736 |   4 |  577.8 |
               +--------+--------+--------+--------+--------+-----+--------+

Top non-repeatable levels by time:
     D:2: 1334 daAuts
     D:1: 915 daAuts
     D:5: 38 daAuts
     D:3: 24 daAuts
